 Dungeon Crawl Stone Soup version 0.21-a0-625-g1119ec1 (webtiles) character file.

45 slep the Slasher (level 3, 0/30 HPs)
             Began as a Barachi Monk on Dec 25, 2017.
             Slain by an adder (3 damage)
             ... on level 2 of the Dungeon.
             The game lasted 00:04:05 (1219 turns).

slep the Slasher (Barachi Monk)                     Turns: 1219, Time: 00:04:06

Health: 0/30       AC:  3    Str: 12    XL:     3   Next: 64%
Magic:  3/3        EV: 14    Int: 10    God:
Gold:   71         SH:  0    Dex: 15    Spells: 2/2 levels left

rFire    . . .     SeeInvis .   a - +0 falchion
rCold    . . .     Gourm    .   (no shield)
rNeg     . . .     Faith    .   b - +0 robe
rPois    .         Spirit   .   (no helmet)
rElec    .         Reflect  .   (no cloak)
rCorr    .         Harm     .   j - +0 pair of gloves
MR       .....     Rnd*Tele +   (no boots)
Stlth    ++........             (no amulet)
HPRegen  0.10/turn              o - ring of teleportation (curse)
MPRegen  0.08/turn              (no ring)

@: lethally poisoned (0 -> -5), slow
A: +LOS, swims, slowness 1, strong legs 1
a: Hop


You were on level 2 of the Dungeon.
You were hungry.

You visited 1 branch of the dungeon, and saw 2 of its levels.

You collected 71 gold pieces.

Inventory:

Hand Weapons
 a - a +0 falchion (weapon)
Missiles
 n - 19 poisoned needles
Armour
 b - a +0 robe (worn)
 j - a +0 pair of gloves (worn)
Jewellery
 o - a cursed ring of teleportation (left hand)
Scrolls
 d - a scroll of blinking {unknown}
 e - 2 scrolls of teleportation {unknown}
 f - a scroll of noise {unknown}
 g - 2 scrolls of enchant armour {unknown}
 h - a scroll of remove curse {unknown}
 m - 2 scrolls of identify {unknown}
Potions
 i - 2 potions of degeneration {unknown}
 k - a potion of flight {unknown}
 l - a potion of heal wounds {unknown}
Comestibles
 c - 3 rations


   Skills:
 + Level 4.1 Fighting
 + Level 4.2 Long Blades
 + Level 3.9 Dodging
 + Level 2.2 Stealth


You had 2 spell levels left.
You didn't know any spells.

Dungeon Overview and Level Annotations

Branches:
Dungeon (2/15)

Altars:
Cheibriados
Dithmenos


Innate Abilities, Weirdness & Mutations

Shadows flee at your approach. (+LOS)
You can swim through water.
You cover ground slowly.
You can hop short distances.


Message History

You miss the adder.
The adder is heavily wounded.
The adder bites you.
You are more poisoned.
The adder poisons you!
You hit the adder.
The adder is almost dead.
You feel sick. The adder bites you.
* * * LOW HITPOINT WARNING * * *
The adder bites you.
* * * LOW HITPOINT WARNING * * *
You closely miss the adder.
The adder is almost dead.
The adder bites you.
* * * LOW HITPOINT WARNING * * *
You barely miss the adder.
The adder is almost dead.
* * * LOW HITPOINT WARNING * * *
You feel sick. The adder barely misses you. The adder bites you.
You die...

.. ..## ...## ....
#..# #..# #..#
#.######..#
#....S@...#
########.## #.# ######
#.# #####..... #.#
#......... ########
#.# ##....P..P.
#......#
##.####..........
#.####.#
##.....((..P...... #.#
#.###.....###.........


You could see an adder.

Vanquished Creatures
  2 leopard geckos (D:1)
  An orc (D:2)
  5 bats
  2 giant cockroaches (D:1)
  6 goblins
  6 hobgoblins
  4 jackals (D:1)
  4 kobolds
  2 frilled lizards (D:1)
  5 rats
37 creatures vanquished.

Notes
Turn   | Place    | Note
-------+----------+-------------------------------------------
     0 | D:1      | slep the Barachi Monk began the quest for the Orb.
     0 | D:1      | Reached XP level 1. HP: 18/18 MP: 1/1
   101 | D:1      | Reached XP level 2. HP: 18/25 MP: 2/2
   352 | D:1      | Reached XP level 3. HP: 24/30 MP: 3/3
   904 | D:2      | Found a shadowy altar of Dithmenos.
  1052 | D:2      | Found a snail-covered altar of Cheibriados.
  1219 | D:2      | Slain by an adder

Vault maps used:
D:1:      dpeg_arrival_round_b, minmay_misc_feat_roman, serial_park_tiny_2
D:2:      cheibriados_altar_1, ashenzari_altar_1, lemuel_doored_altar,
          first_ration, minmay_misc_feat_plants, corexii_leaking_fountain,
          amethyst_killhole, fedhas_altar_1

Skill      XL: |  1  2  3 |
---------------+----------+-----
Long Blades    | 4 |  4.2
Fighting       | 4 |  4.1
Stealth        | 2 |  2.2
Dodging        | |  3.9

Action                   || total
-------------------------++-------
Melee: Falchion          ||   113
 Stab: Sleeping          ||     7
       Distracted        ||     1
  Eat: Chunk             ||     1
Armor: Robe              ||    16
Dodge: Dodged            ||    94
       Rpst.: Falchion   ||    24

Table legend:
 A = Spawn XP
 B = Non-spawn XP
 C = Spawn XP percentage of total XP
 D = Spawn monster count
 E = Non-spawn monster count
 F = Spawn count percentage of total count
 G = Total turns spent on level
                    A         B        C        D         E        F      G
               +---------+---------+-------+---------+---------+-------+---------
         Total |       0 |      65 |   0.0 |       0 |      37 |   0.0 |  1219
               +---------+---------+-------+---------+---------+-------+---------
           D:1 |       0 |      46 |   0.0 |       0 |      25 |   0.0 |   893
           D:2 |       0 |      19 |   0.0 |       0 |      12 |   0.0 |   326
               +---------+---------+-------+---------+---------+-------+---------
